 Dungeon Crawl Stone Soup version 0.26-a0-665-gefeb406119 (webtiles) character file.

Game seed: 2051402863139973788

116 Kraken2834 the Chopper (level 5, -1/47 HPs)
             Began as a Hill Orc Monk on Oct 14, 2020.
             Was a Believer of Beogh.
             Slain by a phantom (6 damage)
             ... on level 4 of the Dungeon.
             The game lasted 00:05:00 (1518 turns).

Kraken2834 the Chopper (Hill Orc Monk)              Turns: 1518, Time: 00:05:01

Health: -1/47      AC:  5    Str: 15    XL:     5   Next: 0%
Magic:  2/5        EV: 11    Int: 10    God:    Beogh [**....]
Gold:   86         SH:  0    Dex: 13    Spells: 4/4 levels left

rFire    . . .     SeeInvis .   a - +0 hand axe
rCold    . . .     Faith    .   (no shield)
rNeg     . . .     Spirit   .   d - +0 ring mail
rPois    .         Reflect  .   (no helmet)
rElec    .         Harm     .   (no cloak)
rCorr    .         Rampage  .   (no gloves)
MR       .....                  (no boots)
Stlth    +.........             (no amulet)
HPRegen  0.15/turn              (no ring)
MPRegen  0.09/turn              (no ring)

@: no status effects
A: no striking features
a: Smiting, Renounce Religion


You were on level 4 of the Dungeon.
You worshipped Beogh.
Beogh was pleased with you.
You visited 1 branch of the dungeon, and saw 3 of its levels.

You collected 86 gold pieces.

Inventory:

Hand Weapons
 a - a +0 hand axe (weapon)
Armour
 b - a +0 robe
 d - a +0 ring mail (worn)
Wands
 g - a wand of polymorph (5)
Scrolls
 e - a scroll of teleportation
 f - a scroll of identify
Potions
 c - a potion of might


   Skills:
 + Level 4.5 Fighting
 + Level 6.4 Axes
 - Level 2.4 Dodging
 - Level 1.5 Stealth
 * Level 1.0 Invocations


You had 4 spell levels left.
You didn't know any spells.
Your spell library was empty.

Dungeon Overview and Level Annotations

Branches:
Dungeon (2/15)

Altars:


Message History

You closely miss the phantom. The phantom hits you!
* * * LOW HITPOINT WARNING * * *
The phantom blinks!
You see here a stone.
You barely miss the worm.
The worm is heavily wounded.
Aiming: Smiting
Press: ? - help, Dir - move target cursor, f - worm Smite: a worm (heavily wounded)
You smite the worm!
You kill the worm!
Beogh accepts your kill.
You have reached level 5!
You feel stronger.
Okay, then.
Okay, then.
You miss the phantom.
The phantom is severely damaged.
The phantom hits you.
You die...

. # ##. #.... #> ###
#...# ... ....
####.#.###.... ####...
.#.........W# #....##
........)...#)# #.#### .
#.#†# #.####.##.#
#.####.#@#####.........#
.......#W#.....####.####
........(......###..##
........#####........####
......#(†................
......####.......#######.
..... #...##### ## ....
#.### .... ###


You could see a phantom.

Vanquished Creatures
  A bullfrog zombie (D:4)
  A hound (D:4)
  A worker ant (D:4)
  A worm (D:4)
  2 dart slugs
  A leopard gecko (D:4)
  An orc (D:4)
  2 giant cockroaches (D:4)
  2 goblins (D:1)
  2 hobgoblins (D:1)
  2 frilled lizards
  4 kobolds (D:1)
  2 rats (D:1)
22 creatures vanquished.

Vanquished Creatures (others)
  2 hound skeletons (D:4)
  An orc (D:4)
  A plant (D:2)
4 creatures vanquished.

Grand Total: 26 creatures vanquished

Notes
Turn   | Place    | Note
-------+----------+-------------------------------------------
     0 | D:1      | Kraken2834 the Hill Orc Monk began the quest for the Orb.
     0 | D:1      | Reached XP level 1. HP: 19/19 MP: 1/1
   414 | D:1      | Reached XP level 2. HP: 27/27 MP: 2/2
   765 | D:2      | You fall into a shaft and drop 2 floors!
   769 | D:4      | Became a worshipper of Beogh the Brigand
   769 | D:4      | Reached * piety under Beogh
   769 | D:4      | Reached ** piety under Beogh
   794 | D:4      | Reached skill level 5 in Axes
   794 | D:4      | Reached XP level 3. HP: 7/33 MP: 3/3
  1091 | D:4      | Reached skill level 6 in Axes
  1091 | D:4      | Reached XP level 4. HP: 11/41 MP: 4/4
  1439 | D:4      | Noticed a phantom
  1453 | D:4      | Reached skill level 1 in Invocations
  1517 | D:4      | Reached XP level 5. HP: 4/47 MP: 5/5
  1518 | D:4      | Slain by a phantom

Illustrated notes

Levels and vault maps discovered:
D:1:      minmay_arrival_solitary_statue, layout_basic
D:2:      layout_rooms, serial_bayou, serial_bayou_shore_a,
          serial_bayou_lagoon_a, serial_bayou_pond_a, serial_bayou_shore_b,
          serial_bayou_pond_b, serial_bayou_ford_a
D:4:      cheibrodos_quashed, layout_rooms

Skill      XL: |  1  2  3  4 |
---------------+-------------+-----
Fighting       | 4 |  4.5
Axes           | 5 6 |  6.4
Invocations    | 1 |  1.0
Dodging        | |  2.4
Stealth        | |  1.5

Action                   |  1- 3 |  4- 6 || total
-------------------------+-------+-------++-------
Melee: Hand axe          |    73 |    51 ||   124
Invok: Convert to Beogh  |     1 |       ||     1
       Smiting           |       |     2 ||     2
  Use: Scroll            |     5 |       ||     5
       Potion            |     4 |       ||     4
 Stab: Sleeping          |     1 |       ||     1
Armor: Ring mail         |    24 |    14 ||    38
Dodge: Dodged            |    24 |    28 ||    52

Table legend: (Time is in decaauts)
 A = Elapsed time spent in this place.
 B = Non-inter-level travel time spent in this place.
 C = Inter-level travel time spent in this place.
 D = Time resting spent in this place.
 E = Time spent auto-exploring this place.
 F = Levels seen in this place.
 G = Mean time per level.
                   A        B        C        D        E       F      G
               +--------+--------+--------+--------+--------+-----+--------+
         Total |   1534 |   1498 |     36 |    504 |    673 |   3 |  511.3 |
       Dungeon |   1534 |   1498 |     36 |    504 |    673 |   3 |  511.3 |
               +--------+--------+--------+--------+--------+-----+--------+

Top non-repeatable levels by time:
     D:4: 753 daAuts
     D:1: 713 daAuts
     D:2: 67 daAuts
